 Dungeon Crawl Stone Soup version 0.27-a0-906-g0a00ce863d (webtiles) character file.

Game seed: 11652314360492933356

203 Xeewn the Ducker (level 5, -14/40 HPs)
             Began as a Djinni Gladiator on Apr 6, 2021.
             Was a Follower of Wu Jian.
             Demolished by an ogre
             ... wielding a +0 giant club
              (15 damage)
             ... on level 4 of the Dungeon.
             The game lasted 00:14:27 (3566 turns).

Xeewn the Ducker (Djinni Gladiator)                 Turns: 3566, Time: 00:14:28

Health: -14/40     AC: 11    Str: 14    XL:     5   Next: 81%
Gold:   145        EV:  7    Int:  9    God:    Wu Jian [*.....] SH:  0 Dex: 15

rFire    + + .     SeeInvis .   a - +1 rapier (freeze)
rCold    x . .     Faith    .   (no shield)
rNeg     . . .     Spirit   .   n - +0 chain mail
rPois    ∞         Reflect  .   c - +1 helmet
rElec    .         Harm     .   (no cloak)
rCorr    .         Rampage  .   h - +0 pair of gloves
Will     .....                  (boots unavailable)
Stlth    ..........             (no amulet)
HPRegen  0.13/turn              (no ring)
MPRegen  0.00/turn              (no ring)

@: flying
A: fire resistance 2, cold vulnerability 1, float, innate caster, hp casting,
extra vitality 1
a: Renounce Religion


You were on level 4 of the Dungeon.
You worshipped Wu Jian.
Wu Jian was aware of your devotion.
You visited 1 branch of the dungeon, and saw 4 of its levels.

You collected 145 gold pieces.

Inventory:

Hand Weapons
 a - a +1 rapier of freezing (weapon)
Missiles
 d - 3 throwing nets (quivered)
Armour
 c - a +1 helmet (worn)
 h - a +0 pair of gloves (worn)
 n - a +0 chain mail (worn)
Jewellery
 g - a ring of wizardry
Wands
 b - a wand of paralysis (12)
Scrolls
 i - a scroll of blinking
 k - 2 scrolls of identify
Potions
 f - 2 potions of flight
 m - a potion of curing {unknown}


   Skills:
 * Level 3.3 Fighting
 + Level 3.6(3.8) Short Blades
 * Level 1.7(2.9) Long Blades
 + Level 1.5 Throwing
 + Level 1.0 Armour
 * Level 4.5 Dodging
 + Level 0.1 Stealth


You had one spell level left.
You knew the following spells:

 Your Spells              Type           Power      Damage    Failure   Level
a - Beastly Appendage     Tmut           0%         N/A       100%        1
b - Call Imp              Summ           0%         N/A       100%        2
Your spell library was empty.


Dungeon Overview and Level Annotations

Branches:
Dungeon (4/15)
 Temple: D:4-7

Altars:
Dithmenos
Uskayaw
Wu Jian
Xom

Annotations:
D:4 Ijyb, Sigmund


Innate Abilities, Weirdness & Mutations

You are immune to poison.
Your flesh is very heat resistant. (rF++)
You are vulnerable to cold. (rC-)
You float through the air rather than walking.
You learn spells naturally, not from books.
Your magical power is your life essence.
You have superior vitality. (+4 HP)


Message History

You hit the adder. You freeze the adder.
The adder is lightly wounded.
The bat zombie hits you but does no damage.
The bat zombie hits you.
* * * LOW HITPOINT WARNING * * *
The adder bites you but does no damage. Something hits you but does no damage.
The adder bites you.
* * * LOW HITPOINT WARNING * * *
The bat zombie hits you.
* * * LOW HITPOINT WARNING * * *
The adder completely misses you.
You miss the adder.
The adder is lightly wounded.
The bat zombie hits you.
* * * LOW HITPOINT WARNING * * *
The bat zombie barely misses you. The adder bites you but does no damage.
Something hits you but does no damage. The adder bites you but does no damage.
Ijyb hits you but does no damage.
The bat zombie hits you but does no damage.
Unknown command.
You puncture the adder! You freeze the adder.
You kill the adder!
The Council accepts your kill. The bat zombie hits you.
* * * LOW HITPOINT WARNING * * *
The adder bites you but does no damage.
The bat zombie hits you but does no damage.
Something hits you!
* * * LOW HITPOINT WARNING * * *
Ijyb hits you with a +6 dagger of electrocution.
* * * LOW HITPOINT WARNING * * *
The adder bites you but does no damage.
You completely miss the ogre.
You feel less wooden.
Your +1 helmet unmelds from your body.
Your +0 pair of gloves unmelds from your body.
Your +0 chain mail unmelds from your body.
The bat zombie hits you but does no damage. x3
Something hits you but does no damage. The ogre hits you with a +0 giant club!
You die...

#....
'... #...
######...
#.......#
.......{#
......g†#
.....ZZ@#
......SO#
........#
........#
####.....
+.....
#.....
#......


You could see an ogre, Ijyb, an adder and 2 bat zombies.

Vanquished Creatures
  A howler monkey (D:4)
  An orc wizard (D:3)
  5 adders
  An ufetubus (D:4)
  A worm (D:3)
  2 dart slugs (D:1)
  6 orcs
  7 bats
  2 bat zombies (D:4)
  10 endoplasms
  6 giant cockroaches
  5 goblins
  6 hobgoblins
  2 jackals (D:3)
  A quokka (D:2)
  4 ball pythons
  4 frilled lizards
  8 kobolds
  A rat (D:3)
73 creatures vanquished.

Notes
Turn   | Place    | Note
-------+----------+-------------------------------------------
     0 | D:1      | Xeewn the Djinni Gladiator began the quest for the Orb.
     0 | D:1      | Reached XP level 1. HP: 18/18 MP: 0/0
   344 | D:1      | Reached XP level 2. HP: 20/23 MP: 0/0
   751 | D:1      | Reached skill level 4 in Dodging
   780 | D:1      | Reached XP level 3. HP: 19/28 MP: 0/0
   780 | D:1      | Learned a level 1 spell: Beastly Appendage
  1516 | D:2      | Reached skill level 1 in Long Blades
  1819 | D:2      | Reached XP level 4. HP: 32/34 MP: 0/0
  2685 | D:3      | Found a faded altar of an unknown god.
  2746 | D:3      | Found a shadowy altar of Dithmenos.
  2746 | D:3      | Found a shimmering altar of Xom.
  2805 | D:3      | Became a worshipper of the Wu Jian Council
  2805 | D:3      | Reached * piety under Wu Jian
  2836 | D:3      | Found a hide-covered altar of Uskayaw.
  3366 | D:3      | Reached XP level 5. HP: 30/40 MP: 0/0
  3366 | D:3      | Learned a level 2 spell: Call Imp
  3529 | D:4      | Noticed Sigmund
  3538 | D:4      | Reached skill level 1 in Armour
  3538 | D:4      | Noticed an ogre
  3554 | D:4      | Noticed Ijyb
  3565 | D:4      | HP: 1/60 [Ijyb/+6 dagger of electrocution (5)]
  3566 | D:4      | Demolished by an ogre

Illustrated notes

Levels and vault maps discovered:
D:1:      mrwooster_arrival_statue_2, layout_rooms
D:2:      layout_rooms, corexii_shack
D:3:      layout_basic, nicolae_overflow_crystal_walls,
          gammafunk_temple_overflow_pools, basic_ecumenical_altar
D:4:      layout_gridville, amcnicky_altar_gilded,
          lemuel_zombie_altar_kikubaaqudgha, overflow_temple_1_default,
          uniq_ijyb, uniq_sigmund, uniq_natasha

Skill      XL: |  1  2  3  4  5 |
---------------+----------------+-----
Dodging        | 4 |  4.5
Short Blades   | 3 |  3.6
Long Blades    | 1 |  1.7
Fighting       | 3 |  3.3
Armour         | 1 |  1.0
Throwing       | |  1.5
Stealth        | |  0.1

Action                   |  1- 3 |  4- 6 || total
-------------------------+-------+-------++-------
Melee: Rapier            |   134 |   114 ||   248
Throw: Throwing net      |     1 |       ||     1
Invok: Whirlwind         |       |     7 ||     7
       Lunge             |       |     4 ||     4
  Use: Scroll            |       |     8 ||     8
       Potion            |       |     1 ||     1
Armor: Leather armour    |    69 |    28 ||    97
       Chain mail        |       |    45 ||    45
       Skin              |       |   190 ||   190
Dodge: Dodged            |   168 |    87 ||   255

Table legend: (Time is in decaauts)
 A = Elapsed time spent in this place.
 B = Non-inter-level travel time spent in this place.
 C = Inter-level travel time spent in this place.
 D = Time resting spent in this place.
 E = Time spent auto-exploring this place.
 F = Levels seen in this place.
 G = Mean time per level.
                   A        B        C        D        E       F      G
               +--------+--------+--------+--------+--------+-----+--------+
         Total |   3574 |   3571 |      3 |   1525 |      0 |   4 |  893.5 |
       Dungeon |   3574 |   3571 |      3 |   1525 |      0 |   4 |  893.5 |
               +--------+--------+--------+--------+--------+-----+--------+

Top non-repeatable levels by time:
     D:3: 1470 daAuts
     D:1: 1373 daAuts
     D:2: 690 daAuts
     D:4: 39 daAuts
